 Dungeon Crawl Stone Soup version 0.26-a0-1184-g95e395e029 (webtiles) character file.

Game seed: 5136930359760301036

3826 dolemite99 the Slinger (level 10, -2/77 HPs)
             Began as a Gnoll Hunter on Dec 28, 2020.
             Was an Elder of Okawaru.
             Killed from afar by a starcursed mass (15 damage)
             ... with an accursed screaming
             ... on level 1 of the Abyss.
             The game lasted 00:16:06 (9990 turns).

dolemite99 the Slinger (Gnoll Hunter)               Turns: 9990, Time: 00:16:07

Health: -2/77      AC: 16    Str: 18    XL:     10   Next: 17%
Magic:  17/17      EV: 14    Int: 13    God:    Okawaru [****..]
Gold:   34         SH:  0    Dex: 16    Spells: 15/19 levels left

rFire    + . .     SeeInvis .   a - +3 hunting sling
rCold    + . .     Faith    .   (no shield)
rNeg     . . .     Spirit   .   j - +3 chain mail {rF+}
rPois    .         Reflect  .   D - +0 helmet
rElec    .         Harm     .   q - scarf {+Inv}
rCorr    .         Rampage  .   (no gloves)
Will     .....                  (no boots)
Stlth    +++.......             (no amulet)
HPRegen  0.22/turn              u - ring of protection from cold
MPRegen  0.15/turn              o - ring of stealth

@: about to teleport, heroism, hasted, very quick
A: distributed training, fangs 1, strong nose
a: Renounce Religion, Evoke Invisibility, Heroism


You were on level 1 of the Abyss.
You worshipped Okawaru.
Okawaru was greatly pleased with you.
You visited 1 branch of the dungeon, and saw 10 of its levels.
You visited the Abyss 1 time.

You collected 383 gold pieces.
You spent 349 gold pieces at shops.

Inventory:

Hand Weapons
 a - a +3 hunting sling (weapon)
 b - the +10 whip of Uxepp {freeze, Int+3}
   (You found it on level 6 of the Dungeon)

   It has been specially enchanted to freeze those struck by it, causing extra
   injury to most foes and up to half again as much damage against particularly
   susceptible opponents.
   It can also slow down cold-blooded creatures.
   It affects your intelligence (+3).
 c - a +0 morningstar of flaming
 A - a +2 flail of protection
 H - a +2 dagger of venom
 I - a +0 short sword
Missiles
 d - 34 sling bullets (quivered ammo)
 h - 212 stones
 i - 5 atropa-tipped darts
 l - 173 arrows
 n - 20 poisoned darts
 N - 7 javelins
Armour
 j - a +3 chain mail of fire resistance (worn)
 q - a scarf of invisibility (worn)
 D - a +0 helmet (worn)
 J - +0 swamp dragon scales
Magical Staves
 O - an uncursed staff of earth
Jewellery
 o - a ring of stealth (right hand)
 u - a ring of protection from cold (left hand)
Wands
 v - a wand of polymorph (13)
 y - a wand of enslavement (8)
 B - a wand of acid (4)
 F - a wand of paralysis (4)
 Q - a wand of flame (11)
Scrolls
 e - a scroll of immolation
 k - a scroll of magic mapping
 m - 2 scrolls of teleportation
 r - a scroll of identify {@r1}
 s - 2 scrolls of remove curse {@r2}
 x - 2 scrolls of fear
 K - a scroll of vulnerability
 P - a scroll of fog
Potions
 f - 2 potions of might
 g - 2 potions of mutation {unknown}
 p - 4 potions of cancellation
 t - a potion of curing
 w - a potion of magic
 C - a potion of invisibility {unknown}
 E - a potion of ambrosia {unknown}
 G - a potion of brilliance
 L - a potion of berserk rage
 M - 2 potions of heal wounds


   Skills:
 + Level 6.9(11.9) Fighting
 + Level 5.0(10.0) Short Blades
 + Level 5.0(10.0) Long Blades
 + Level 5.0(10.0) Axes
 + Level 5.0(10.0) Maces & Flails
 + Level 5.0(10.0) Polearms
 + Level 5.0(10.0) Staves
 + Level 9.9(14.9) Slings
 + Level 5.0(10.0) Bows
 + Level 5.0(10.0) Crossbows
 + Level 5.0(10.0) Throwing
 + Level 5.0(10.0) Armour
 + Level 6.9(11.9) Dodging
 + Level 5.6(10.6) Stealth
 + Level 5.0(10.0) Shields
 + Level 5.0(10.0) Unarmed Combat
 + Level 5.0 Spellcasting
 + Level 4.1 Conjurations
 + Level 4.1 Hexes
 + Level 4.1 Summonings
 + Level 4.1 Necromancy
 + Level 4.1 Translocations
 + Level 4.1 Transmutations
 + Level 4.1 Fire Magic
 + Level 4.1 Ice Magic
 + Level 4.1 Air Magic
 + Level 4.1 Earth Magic
 + Level 4.1 Poison Magic
 + Level 5.5 Invocations
 + Level 5.0 Evocations


You had 15 spell levels left.
You knew the following spells:

 Your Spells              Type           Power        Failure   Level
a - Blink                 Tloc           N/A          41%         2
b - Call Imp              Summ           14%          41%         2

Your spell library contained the following spells:

 Spells                   Type           Power        Failure   Level
 Corona                   Hex            15%          28%         1
 Magic Dart               Conj           56%          28%         1
 Ensorcelled Hibernation  Hex/Ice        28%          41%         2
 Slow                     Hex            14%          41%         2
 Confusing Touch          Hex            14%          65%         3
 Conjure Flame            Conj/Fire      14%          65%         3
 Dazzling Flash           Conj/Hex       28%          65%         3
 Mephitic Cloud           Conj/Pois/Air  14%          65%         3
 Tukima's Dance           Hex            14%          65%         3


Dungeon Overview and Level Annotations

Branches:
Dungeon (10/15)            Temple (0/1) D:6
   Lair: D:8-11         Orc: D:9-12

Altars:
Cheibriados
Dithmenos
Kikubaaqudgha
Makhleb
Nemelex Xobeh
Okawaru
Vehumet
Xom
Yredelemnul
Zin

Shops:
D:5 (   D:7 !   D:9 }

Annotations:
D:6 1 runed translucent door, Crazy Yiuf
D:8 3 runed translucent doors, Zdeegee's ghost, novice OpFE
D:10 Erolcha


Innate Abilities, Weirdness & Mutations

Your experience applies equally to all skills.
You have very sharp teeth.
Your uncanny sense of smell can sniff out nearby items.


Message History

The starcursed mass engulfs you but does no damage.
A starcursed mass splits.
The starcursed mass engulfs you but does no damage.
A starcursed mass splits.
The troll skeleton barely misses you.
The troll skeleton claws you but does no damage. x2
Really attack while wielding your +3 hunting sling? [Y]es or [N]o only, please.
Really attack while wielding your +3 hunting sling? [Y]es or [N]o only, please.
Really attack while wielding your +3 hunting sling? [Y]es or [N]o only, please.
Really attack while wielding your +3 hunting sling? [Y]es or [N]o only, please.
Really attack while wielding your +3 hunting sling? [Y]es or [N]o only, please.
Really attack while wielding your +3 hunting sling?
You clumsily bash the starcursed mass but do no damage.
You bite the starcursed mass, but do no damage.
A cacophony of accursed wailing tears at your sanity!
You die...

∆ ∆##### ∆
#d.X# #
####..#∆
#X##.##Z##.##.
#XXXXX@X.....≈#
#.##.##X##.##)#
∆ # ####.# # ∆
∆ ... #.## #+#
. ∆


You could see 8 starcursed masses and a troll skeleton.

Vanquished Creatures
  Maggie (D:6)
  A troll (D:9)
  Grinder (D:6)
  Menkaure (D:6)
  2 orc warriors
  2 ice beasts
  A necrophage (D:9)
  2 sky beasts
  4 ogres
  3 centaurs
  A big kobold (D:6)
  2 bullfrogs
  3 scorpions
  3 killer bees (D:7)
  4 wights (D:9)
  A howler monkey (D:9)
  A hound (D:6)
  2 jellies
  3 bullfrog zombies
  A gnoll shaman (D:4)
  5 orc priests
  7 orc wizards
  A bullfrog skeleton (D:5)
  2 iguanas (D:7)
  3 worker ants
  A killer bee zombie (D:5)
  2 hound skeletons
  A worker ant zombie (D:5)
  8 gnolls
  9 adders
  2 shadow imps
  3 white imps
  An ufetubus (D:6)
  3 oozes
  6 worms
  4 dart slugs
  4 leopard geckos
  32 orcs
  8 bats
  A bat zombie (D:5)
  12 giant cockroaches
  8 goblins
  8 hobgoblins
  4 jackals
  6 quokkas
  2 ball pythons
  2 frilled lizards (D:2)
  14 kobolds
  9 rats
207 creatures vanquished.

Notes
Turn   | Place    | Note
-------+----------+-------------------------------------------
     0 | D:1      | dolemite99 the Gnoll Hunter began the quest for the Orb.
     0 | D:1      | Reached XP level 1. HP: 20/20 MP: 1/1
   135 | D:1      | Reached XP level 2. HP: 26/26 MP: 2/2
   400 | D:1      | Reached XP level 3. HP: 31/31 MP: 3/3
   574 | D:2      | Reached skill level 1 in Invocations
   582 | D:2      | Reached skill level 1 in Short Blades
   582 | D:2      | Reached skill level 1 in Long Blades
   582 | D:2      | Reached skill level 1 in Axes
   582 | D:2      | Reached skill level 1 in Maces & Flails
   582 | D:2      | Reached skill level 1 in Polearms
   582 | D:2      | Reached skill level 1 in Staves
   582 | D:2      | Reached skill level 1 in Bows
   582 | D:2      | Reached skill level 1 in Crossbows
   582 | D:2      | Reached skill level 1 in Throwing
   582 | D:2      | Reached skill level 1 in Armour
   582 | D:2      | Reached skill level 1 in Shields
   582 | D:2      | Reached skill level 1 in Unarmed Combat
   582 | D:2      | Reached skill level 1 in Spellcasting
   582 | D:2      | Reached skill level 1 in Evocations
   765 | D:2      | Reached XP level 4. HP: 35/38 MP: 5/5
  1468 | D:2      | Reached skill level 1 in Conjurations
  1468 | D:2      | Reached skill level 1 in Hexes
  1468 | D:2      | Reached skill level 1 in Summonings
  1468 | D:2      | Reached skill level 1 in Necromancy
  1468 | D:2      | Reached skill level 1 in Translocations
  1468 | D:2      | Reached skill level 1 in Transmutations
  1468 | D:2      | Reached skill level 1 in Fire Magic
  1468 | D:2      | Reached skill level 1 in Ice Magic
  1468 | D:2      | Reached skill level 1 in Air Magic
  1468 | D:2      | Reached skill level 1 in Earth Magic
  1468 | D:2      | Reached skill level 1 in Poison Magic
  1583 | D:2      | Found an iron altar of Okawaru.
  1583 | D:2      | Found a sparkling altar of Nemelex Xobeh.
  1689 | D:2      | Became a worshipper of Warmaster Okawaru
  1874 | D:3      | Found a radiant altar of Vehumet.
  1906 | D:3      | Found a snail-covered altar of Cheibriados.
  1923 | D:3      | Found a glowing silver altar of Zin.
  1923 | D:3      | Found a shimmering altar of Xom.
  1923 | D:3      | Noticed an angel
  2012 | D:3      | Reached XP level 5. HP: 41/43 MP: 6/6
  2727 | D:3      | Reached XP level 6. HP: 50/50 MP: 8/8
  3416 | D:4      | Reached skill level 5 in Fighting
  3416 | D:4      | Reached skill level 5 in Dodging
  3738 | D:5      | Entered Level 5 of the Dungeon
  4191 | D:5      | Reached * piety under Okawaru
  4192 | D:5      | Reached XP level 7. HP: 56/56 MP: 10/10
  4365 | D:5      | Found a shadowy altar of Dithmenos.
  4618 | D:5      | Found an ancient bone altar of Kikubaaqudgha.
  4646 | D:5      | Found Raysol's Antique Weapon Shoppe.
  4784 | D:5      | Found a basalt altar of Yredelemnul.
  4995 | D:5      | Reached skill level 9 in Slings
  5070 | D:6      | Reached ** piety under Okawaru
  5148 | D:6      | Noticed Maggie
  5169 | D:6      | Killed Maggie
  5170 | D:6      | Reached XP level 8. HP: 58/63 MP: 12/12
  5336 | D:6      | Noticed Grinder
  5339 | D:6      | Killed Grinder
  5339 | D:6      | Reached *** piety under Okawaru
  5496 | D:6      | Found a staircase to the Ecumenical Temple.
  5797 | D:6      | Reached XP level 9. HP: 69/69 MP: 14/14
  6022 | D:6      | Noticed Menkaure
  6030 | D:6      | Killed Menkaure
  6071 | D:6      | Found a runed translucent door.
  6072 | D:6      | Noticed Crazy Yiuf
  6385 | D:6      | Got a translucent whip
  6390 | D:6      | Identified the +10 whip of Uxepp {freeze, Int+3} (You found
                  | it on level 6 of the Dungeon)
  6865 | D:7      | Found Laresh's Distillery.
  6921 | D:7      | Bought a potion of berserk rage for 70 gold pieces
  6921 | D:7      | Bought a potion of heal wounds for 70 gold pieces
  6921 | D:7      | Bought a potion of heal wounds for 70 gold pieces
  6921 | D:7      | Bought a potion of lignification for 42 gold pieces
  7310 | D:7      | Reached skill level 5 in Stealth
  7320 | D:7      | Received a gift from Okawaru
  8002 | D:8      | Learned a level 2 spell: Blink
  8005 | D:8      | Learned a level 2 spell: Call Imp
  8040 | D:8      | Found a runed translucent gate.
  8040 | D:8      | Found a runed translucent gate.
  8040 | D:8      | Found a runed translucent gate.
  8042 | D:8      | Noticed Zdeegee's ghost (novice OpFE)
  8086 | D:8      | Reached skill level 5 in Invocations
  8200 | D:8      | Reached **** piety under Okawaru
  8813 | D:9      | Reached XP level 10. HP: 77/77 MP: 17/17
  8831 | D:9      | Found a burning altar of Makhleb.
  8918 | D:9      | Found Cuixkami's Gadget Boutique.
  8936 | D:9      | Bought a wand of flame (11) for 97 gold pieces
  9126 | D:9      | Reached skill level 5 in Short Blades
  9126 | D:9      | Reached skill level 5 in Long Blades
  9126 | D:9      | Reached skill level 5 in Axes
  9126 | D:9      | Reached skill level 5 in Maces & Flails
  9126 | D:9      | Reached skill level 5 in Polearms
  9126 | D:9      | Reached skill level 5 in Staves
  9126 | D:9      | Reached skill level 5 in Bows
  9126 | D:9      | Reached skill level 5 in Crossbows
  9126 | D:9      | Reached skill level 5 in Throwing
  9126 | D:9      | Reached skill level 5 in Armour
  9126 | D:9      | Reached skill level 5 in Shields
  9126 | D:9      | Reached skill level 5 in Unarmed Combat
  9126 | D:9      | Reached skill level 5 in Spellcasting
  9126 | D:9      | Reached skill level 5 in Evocations
  9967 | D:10     | Entered Level 10 of the Dungeon
  9969 | D:10     | Noticed Erolcha
  9975 | D:10     | Cast into level 1 of the Abyss (Erolcha)
  9976 | Abyss:1  | Noticed a black draconian
  9976 | Abyss:1  | Noticed a large abomination
  9978 | Abyss:1  | Noticed a starcursed mass
  9982 | Abyss:1  | Paralysed by accursed screaming for 1 turns
  9990 | Abyss:1  | Killed from afar by a starcursed mass

Illustrated notes

Levels and vault maps discovered:
D:1:      dpeg_arrival_erosion, layout_basic
D:2:      layout_rooms, gammafunk_temple_overflow_wave, minmay_circle_x
D:3:      layout_basic, grunt_temple_overflow_order_and_chaos_1,
          lemuel_doored_altar, lemuel_round_altar, grunt_ministairs_1
D:4:      layout_basic
D:5:      layout_loops_ring, lemuel_zombie_altar_kikubaaqudgha,
          nicolae_overflow_crystal_walls, serial_shops, shop, basic_altar
D:6:      layout_cave_pods, temple_statues, minmay_misc_feat_tower, uniq_maggie,
          uniq_menkaure, uniq_crazy_yiuf_cottage, uniq_grinder
D:7:      layout_gridville, serial_shops, shop
D:8:      layout_gridville, gammafunk_ghost_necromancy
D:9:      layout_basic, makhleb_blood_cavern_becter, serial_shops,
          nicolae_shop_waterfront
D:10:     layout_roguey, ebering_ghost_gozag, dk_noncrumbling_4, uniq_erolcha
Abyss:1:  base: D:7, hangedman_cross_veins, evilmike_abyss_exit_17

Skill      XL: |  1  2  3  4  5  6  7  8  9 10 |
---------------+-------------------------------+-----
Invocations    | 1 2 3 4 5 |  5.5
Short Blades   | 1 2 3 4 5 |  5.0
Long Blades    | 1 2 3 4 5 |  5.0
Axes           | 1 2 3 4 5 |  5.0
Maces & Flails | 1 2 3 4 5 |  5.0
Polearms       | 1 2 3 4 5 |  5.0
Staves         | 1 2 3 4 5 |  5.0
Bows           | 1 2 3 4 5 |  5.0
Crossbows      | 1 2 3 4 5 |  5.0
Throwing       | 1 2 3 4 5 |  5.0
Armour         | 1 2 3 4 5 |  5.0
Shields        | 1 2 3 4 5 |  5.0
Unarmed Combat | 1 2 3 4 5 |  5.0
Spellcasting   | 1 2 3 4 5 |  5.0
Evocations     | 1 2 3 4 5 |  5.0
Conjurations   | 1 2 3 4 |  4.1
Hexes          | 1 2 3 4 |  4.1
Summonings     | 1 2 3 4 |  4.1
Necromancy     | 1 2 3 4 |  4.1
Translocations | 1 2 3 4 |  4.1
Transmutations | 1 2 3 4 |  4.1
Fire Magic     | 1 2 3 4 |  4.1
Ice Magic      | 1 2 3 4 |  4.1
Air Magic      | 1 2 3 4 |  4.1
Earth Magic    | 1 2 3 4 |  4.1
Poison Magic   | 1 2 3 4 |  4.1
Stealth        | 3 4 5 |  5.6
Fighting       | 5 6 |  6.9
Dodging        | 5 6 |  6.9
Slings         | 9 |  9.9

Action                   |  1- 3 |  4- 6 |  7- 9 | 10-12 || total
-------------------------+-------+-------+-------+-------++-------
Melee: Whip              |       |       |    25 |       ||    25
       Dagger            |       |       |    19 |       ||    19
       Bite              |       |       |     5 |     1 ||     6
       Hunting sling     |       |       |     1 |     1 ||     2
 Fire: Hunting sling     |   100 |   224 |   371 |    66 ||   761
Invok: Heroism           |       |       |       |     3 ||     3
Evoke: Wand              |       |       |     3 |       ||     3
  Use: Scroll            |       |     7 |    13 |     1 ||    21
       Potion            |       |       |     4 |     2 ||     6
Armor: Scale mail        |    13 |    28 |     1 |       ||    42
       Chain mail        |       |       |    62 |     9 ||    71
       Skin              |       |       |    14 |       ||    14
Dodge: Dodged            |    20 |    38 |    62 |     8 ||   128

Table legend: (Time is in decaauts)
 A = Elapsed time spent in this place.
 B = Non-inter-level travel time spent in this place.
 C = Inter-level travel time spent in this place.
 D = Time resting spent in this place.
 E = Time spent auto-exploring this place.
 F = Levels seen in this place.
 G = Mean time per level.
                   A        B        C        D        E       F      G
               +--------+--------+--------+--------+--------+-----+--------+
         Total |   9734 |   9412 |    322 |   1343 |   6429 |  11 |  884.9 |
       Dungeon |   9721 |   9399 |    322 |   1343 |   6429 |  10 |  972.1 |
         Abyss |     12 |     12 |      0 |      0 |      0 |   1 |   12.0 |
               +--------+--------+--------+--------+--------+-----+--------+

Top non-repeatable levels by time:
     D:3: 1553 daAuts
     D:7: 1417 daAuts
     D:6: 1330 daAuts
     D:9: 1262 daAuts
     D:2: 993 daAuts
     D:5: 883 daAuts
     D:4: 842 daAuts
     D:8: 740 daAuts
     D:1: 692 daAuts
 Abyss:1: 12 daAuts
    D:10: 6 daAuts
